 Dungeon Crawl Stone Soup version 0.19.5 (webtiles) character file.

21 tidbits the Skirmisher (level 2, 10/20 HPs)
             Began as a High Elf Wanderer on Nov 14, 2017.
             Was a Follower of Trog.
             Quit the game on level 3 of the Dungeon.
             The game lasted 00:02:13 (347 turns).

tidbits the Skirmisher (High Elf Wanderer)           Turns: 347, Time: 00:02:13

Health: 10/20      AC:  5    Str: 11    XL:     2   Next: 65%
Magic:  3/3        EV: 12    Int: 14    God:    Trog [*.....]
Gold:   119        SH:  0    Dex: 18    Spells: 0 memorised, 1 level left

rFire  . . .     SeeInvis +     a - +0 quarterstaff
rCold  . . .     Gourm    .     B - +2 leather armour
rNeg   . . .     Faith    .     (shield currently unavailable)
rPois  .         Spirit   .     (no helmet)
rElec  .         Reflect  .     (no cloak)
rCorr  .         Harm     .     (no gloves)
MR     .....                    (no boots)
Stlth  ++........               (no amulet)
                                j - +3 ring of dexterity
                                h - ring of see invisible

@: no status effects
A: no striking features
a: Berserk, Burn Spellbooks, Renounce Religion


You were on level 3 of the Dungeon.
You worshipped Trog.
Trog was aware of your devotion.
You were not hungry.

You visited 1 branch of the dungeon, and saw 3 of its levels.

You collected 119 gold pieces.

Inventory:

Hand Weapons
 a - a +0 quarterstaff (weapon)
Missiles
 b - 47 stones (quivered)
Armour
 B - a +2 leather armour (worn)
Jewellery
 h - a ring of see invisible (left hand)
   (You found it on level 1 of the Dungeon)
 j - a +3 ring of dexterity (right hand)
   (You found it on level 1 of the Dungeon)
Scrolls
 g - a scroll of magic mapping {unknown}
 k - 2 scrolls of amnesia {unknown}
 m - a scroll of teleportation {unknown}
 n - a scroll of immolation {unknown}
Potions
 c - a potion of lignification
 e - a potion of brilliance {unknown}
 l - a potion of invisibility {unknown}
 o - a potion of curing {unknown}
Comestibles
 d - 2 bread rations
 f - 2 meat rations
 i - a slice of pizza


   Skills:
 + Level 2.6 Fighting
 - Level 2.0 Staves
   Level 1.3 Bows
 - Level 1.0 Throwing
 - Level 1.7 Armour
 + Level 2.2 Dodging
 - Level 1.1 Stealth


You had one spell level left.
You didn't know any spells.

Dungeon Overview and Level Annotations

Branches:
Dungeon (3/15)

Altars:
Trog


Message History

You hit the dart slug but do no damage.
The dart slug is heavily wounded.
The dart slug closely misses you.
You hit the dart slug.
The dart slug is almost dead.
You hit the dart slug.
You kill the dart slug!
Your Dodging skill increases to level 2!
The frilled lizard bites you but does no damage.
You sock the frilled lizard!
You kill the frilled lizard!
Found 15 gold pieces.
There is a stone staircase leading down here.
There is a stone staircase leading down here.
You climb downwards.
You hear the sound of rushing water.
There is an entrance to a sewer on this level.
Hurry and find it before the portal rusts away!
A quokka comes into view.
Found four items.
Found a stone staircase leading down.
There is a stone staircase leading up here.
You see here a scroll labeled RAIF SYXZA.
n - a scroll labeled RAIF SYXZA The helpless quokka fails to defend itself.
You hit the quokka.
The quokka is lightly wounded.
The quokka bites you. The quokka closely misses you.
You closely miss the quokka.
The quokka is lightly wounded.
The quokka bites you but does no damage.
You hit the quokka.
The quokka is almost dead.
The quokka closely misses you.
The quokka bites you but does no damage.
You thump the quokka!
You kill the quokka!
b - 47 stones (gained 21)
Found 14 gold pieces.
Found an escape hatch in the floor.
A bat comes into view.
The bat closely misses you. The bat hits you.
You see here 12 gold pieces.
You barely miss the bat. The bat closely misses you.
You now have 91 gold pieces (gained 12).
The bat barely misses you.
You hit the bat.
You kill the bat!
You now have 105 gold pieces (gained 14).
You open the door.
Found a bread ration, a sedimented red potion and a leather armour.
There is an open door here.
d - 2 bread rations (gained 1)
A goblin comes into view. It is wielding a club.
The goblin shouts!
You see here a sedimented red potion.
You hit the goblin.
You kill the goblin!
o - a sedimented red potion You see here a club.
You open the door.
Found a spear.
There is an open door here.
A worm comes into view.
You see here a spear.
You sock the worm!
The worm is moderately wounded.
You hear the slow rusting of a distant drain.
You hit the worm.
The worm is heavily wounded.
The worm misses you.
You barely miss the worm.
The worm is moderately wounded.
The worm bites you!
You sock the worm!
The worm is severely wounded.
The worm bites you.
* * * LOW HITPOINT WARNING * * *
You hit the worm.
The worm is severely wounded.
You sock the worm!
You kill the worm!
You see here a worm corpse.
Found a robe and 23 stones.
Found a meat ration.
Found 14 gold pieces.
Found a faded altar of an unknown god.
You now have 119 gold pieces (gained 14).
You see here a robe.
f - 2 meat rations (gained 1)
There is a faded altar of an unknown god here.
You cannot tell which god this altar belongs to.
Convert to them anyway?
Okay, then.
Put on which piece of jewellery? (? for menu, Esc to quit)
Okay, then.
You cannot tell which god this altar belongs to.
Convert to them anyway?
Trog accepts your prayer! Trog welcomes you!
You can now call upon Trog to burn spellbooks in your surroundings.
You can now go berserk at will.
You hear the slow rusting of a very distant drain.
Are you sure you want to abandon this character and quit the game? (Confirm with "yes".)

####.###......[..###
#.# ###.##......#
#.# #.##....#.# #.#
#.###.....# #.# #.#
#..#..# #.# #.#
#.#_#.# #. #.#
#..#..# #.# #.....#
#.# ###@#.#
#.........#
###########


There were no monsters in sight!

Vanquished Creatures
  A worm (D:3)
  A dart slug (D:2)
  A leopard gecko (D:1)
  4 goblins
  2 hobgoblins (D:1)
  A quokka (D:3)
  A bat (D:3)
  2 frilled lizards
  2 rats (D:1)
15 creatures vanquished.

Notes
Turn   | Place    | Note
-------+----------+-------------------------------------------
     0 | D:1      | tidbits the High Elf Wanderer began the quest for the Orb.
     0 | D:1      | tidbits set off with: a +2 leather armour, a +0 quarterstaff, a potion of lignification, a bread ration
     0 | D:1      | Reached XP level 1. HP: 14/14 MP: 2/2
   212 | D:1      | Reached XP level 2. HP: 20/20 MP: 3/3
   239 | D:2      | Reached skill level 2 in Dodging
   324 | D:3      | Found a faded altar of an unknown god.
   343 | D:3      | Became a worshipper of Trog the Wrathful
   343 | D:3      | Reached * piety under Trog
   347 | D:3      | Quit the game

Skill      XL: |  1  2 |
---------------+-------+-----
Dodging        | 2 |  2.2
Fighting       | |  2.6
Staves         | |  2.0
Bows           | |  1.3
Throwing       | |  1.0
Armour         | |  1.7
Stealth        | |  1.1

Action                   || total
-------------------------++-------
Melee: Quarterstaff      ||    39
 Stab: Sleeping          ||     1
Armor: Leather armour    ||     7
Dodge: Dodged            ||    16

Table legend:
 A = Turns spent in this place as a percentage of turns spent in the entire game.
 B = Non-inter-level travel turns spent in this place as a percentage of non-inter-level travel turns spent in the entire game.
 C = Inter-level travel turns spent in this place as a percentage of turns spent in this place.
 D = Turns resting spent in this place as a percentage of non-inter-level travel turns spent in this place.
 E = Turns spent auto-exploring this place as a percentage of non-inter-level travel turns spent in this place.
 F = Non-inter-level travel turns spent in this place divided by the number of levels of this place that you've seen.
                   A       B       C       D       E      F
               +-------+-------+-------+-------+-------+----------------------
         Total | 100.0 | 100.0 |   0.0 |   0.0 |   0.0 | 104.0
       Dungeon | 100.0 | 100.0 |   0.0 |   0.0 |   0.0 | 104.0
               +-------+-------+-------+-------+-------+----------------------

Table legend:
 A = Kills in this place as a percentage of kills in entire the game.
 B = Kills by you in this place as a percentage of kills by you in the entire game.
 C = Kills by friends in this place as a percentage of kills by friends in the entire game.
 D = Other kills in this place as a percentage of other kills in the entire game.
 E = Experience gained in this place as a percentage of experience gained in the entire game.
 F = Experience gained in this place divided by the number of levels of this place that you have seen.
                   A       B       C       D       E      F
               +-------+-------+-------+-------+-------+----------------------
         Total | 100.0 | 100.0 |  -nan |  -nan | 100.0 |  10.3
       Dungeon | 100.0 | 100.0 |  -nan |  -nan | 100.0 |  10.3
               +-------+-------+-------+-------+-------+----------------------

Vault maps used:
D:1:      minmay_arrival_loop, minmay_splitting_lines
D:2:      first_bread
D:3:      portal_sewer_entry_d, ecumenical_altar_1, kennysheep_generic_room_8
